 Dungeon Crawl Stone Soup version 0.30.0-5-g1a98f26d00 (webtiles) character file.

Game seed: 3194402237236267251

61708 browni3141 the Tortoise (level 14, -20/123 HPs)
             Began as an Armataur Warper on May 9, 2023.
             Was a Follower of Uskayaw.
             Demolished by a white very ugly thing (25 damage)
             ... on level 1 of the Depths.
             The game lasted 00:32:04 (20226 turns).

browni3141 the Tortoise (Armataur Warper)          Turns: 20226, Time: 00:32:05

Health: -20/123    AC: 34    Str: 18    XL:     14   Next: 61%
Magic:  20/23      EV:  7    Int: 14    God:    Uskayaw [*.....]
Gold:   2645       SH: 13    Dex: 21    Spells: 5/19 levels left

rFire   . . .        Q - +8 autumn katana {manifold assault}
rCold   + . .        e - +0 kite shield
rNeg    . . .        D - +4 ring mail "Famedauf" {rElec rC+ Dex+2}
rPois   .            t - +2 helmet
rElec   +            (no cloak)
rCorr   .            x - +0 pair of gloves
SInv    .            h - +6 lightning scales {swift, rElec}
Will    +....        N - amulet of faith
Stlth   ++++         l - +4 ring of protection
HPRegen 0.40/turn    E - +6 ring of dexterity
MPRegen 0.18/turn

%: roll, faith
@: about to teleport, slowed, studying Armour, very slow
A: large, rugged brown scales 3, deformed body, armoured tail, roll, long
tongue, awkward tongue
a: Renounce Religion, Stomp


You were on level 1 of the Depths.
You worshipped Uskayaw.
Uskayaw was pleased with you.
You visited 3 branches of the dungeon, and saw 17 of its levels.
You also visited: Bailey.

You collected 2687 gold pieces.
You spent 42 gold pieces at shops.

Inventory:

Hand Weapons
 Q - the +8 autumn katana (weapon) {manifold assault}
   (You found it on level 2 of the Dungeon)
Missiles
 g - 44 poisoned darts
 q - 7 curare-tipped darts (quivered)
 w - 35 javelins
 J - 6 datura-tipped darts
 T - 7 boomerangs of dispersal
 V - 18 boomerangs
 Z - 2 throwing nets
Armour
 b - a +0 robe of willpower
 d - a +2 ring mail of cold resistance
 e - a +0 kite shield (worn)
 h - the +6 lightning scales (worn) {swift, rElec}
   (You acquired it on level 15 of the Dungeon)

   Swift:     It allows the wearer to cover ground more swiftly.
   rElec:     It insulates you from electricity.
 t - a +2 helmet (worn)
 x - a +0 pair of gloves (worn)
 D - the +4 ring mail "Famedauf" (worn) {rElec rC+ Dex+2}
   (You found it on level 6 of the Dungeon)

   Dex:       It affects your dexterity (+2).
   rC:        It protects you from cold.
   rElec:     It insulates you from electricity.
Magical Staves
 u - a staff of air
 G - a staff of cold
Jewellery
 l - a +4 ring of protection (left hand)
 A - a ring of wizardry
 E - a +6 ring of dexterity (right hand)
 N - an amulet of faith (around neck)
Wands
 p - a wand of polymorph (9)
 s - a wand of mindburst (24)
 I - a wand of iceblast (12)
 P - a wand of paralysis (15)
Scrolls
 j - 3 scrolls of poison
 k - 3 scrolls of magic mapping
 r - 2 scrolls of blinking
 y - a scroll of noise
 K - 2 scrolls of fear
 O - 2 scrolls of brand weapon
 R - 2 scrolls of vulnerability {unknown}
 S - 5 scrolls of teleportation
 U - 5 scrolls of immolation {unknown}
 W - 4 scrolls of enchant weapon
 X - a scroll of fog {unknown}
Potions
 a - 3 potions of attraction
 c - a potion of cancellation
 i - a potion of invisibility
 m - a potion of magic
 o - 2 potions of degeneration
 z - 2 potions of brilliance
 B - 2 potions of ambrosia
 C - 3 potions of curing
 F - 3 potions of flight
 H - 4 potions of heal wounds
 L - a potion of lignification
 M - 5 potions of might
 Y - 4 potions of mutation
Miscellaneous
 f - a lightning rod (4/4)
 v - a piece from Xom's chessboard (15/15)


   Skills:
 - Level 8.0 Fighting
 - Level 1.7(7.8) Short Blades
 - Level 11.9(12.0) Long Blades
 - Level 0.8 Throwing
 - Level 15.0 Armour
 * Level 2.3 Dodging
 - Level 8.0 Stealth
 - Level 10.0 Shields
 - Level 3.0 Spellcasting
 * Level 9.2 Translocations
 * Level 2.0 Air Magic
 * Level 12.3 Invocations


You had 5 spell levels left.
You knew the following spells:

 Your Spells              Type           Power      Damage    Failure   Level
a - Vhi's Electric Charg  Tloc/Air       34%        N/A       19%         3
b - Iskenderun's Mystic   Conj/Tloc      15%        2d5       67%         4
l - Lesser Beckoning      Tloc           56%        N/A       2%          2
t - Teleport Other        Tloc           28%        N/A       4%          3
B - Blink                 Tloc           56%        N/A       2%          2

Your spell library contained the following spells:

 Spells                   Type           Power      Damage    Failure   Level
 Manifold Assault         Tloc           28%        N/A       14%         4
 Volatile Blastmotes      Fire/Tloc      30%        2d12      28%         3
 Shock                    Conj/Air       16%        1d4       38%         1
 Sandblast                Erth           4%         2d4       54%         1
 Poisonous Vapours        Pois/Air       8%         N/A       54%         2
 Static Discharge         Conj/Air       8%         2-3/arc   54%         2
 Cigotuvi's Dreadful Rot  Necr/Pois/Air  8%         N/A       58%         2
 Passwall                 Tmut/Erth      1%         N/A       67%         2
 Mephitic Cloud           Conj/Pois/Air  4%         N/A       82%         3
 Dazzling Flash           Conj/Hex       4%         N/A       88%         3
 Ignite Poison            Fire/Tmut/Pois 2%         N/A       88%         3
 Inner Flame              Hex/Fire       2%         N/A       88%         3
 Stone Arrow              Conj/Erth      4%         3d7       88%         3
 Airstrike                Air            3%         2d(1-17)  95%         4
 Animate Dead             Necr           2%         N/A       99%         4
 Dispel Undead            Necr           2%         3d7       99%         4
 Flame Wave               Conj/Fire      2%         2d4       99%         4
 Leda's Liquefaction      Hex/Erth       1%         N/A       99%         4
 Sticky Flame             Conj/Fire      2%         2d3       99%         4
 Summon Lightning Spire   Summ/Air       4%         N/A       99%         4
 Arcjolt                  Conj/Air       2%         1d12      100%        5
 Freezing Cloud           Conj/Ice/Air   2%         6-21      100%        5
 Lee's Rapid Deconstruct  Erth           1%         3d4*      100%        5
 Yara's Violent Unravell  Hex/Tmut       1%         3d3       100%        5
 Death Channel            Necr           1%         N/A       100%        6
 Plasma Beam              Fire/Air       2%         2x1d13    100%        6
 Starburst                Conj/Fire      1%         6d3       100%        6
 Statue Form              Tmut/Erth      1%         N/A       100%        6
 Enfeeble                 Hex            1%         N/A       100%        7
 Haunt                    Necr/Summ      1%         N/A       100%        7
 Storm Form               Tmut/Air       2%         N/A       100%        7
 Maxwell's Capacitive Co  Air            3%         ∞         100%        8


Dungeon Overview and Level Annotations

Branches:
Dungeon (15/15)            Temple (1/1) D:6            Lair (0/5) D:11
    Orc (0/2) D:10         Vaults (0/5) D:14         Depths (1/4) D:15
 Bailey (visited)

Altars:
Ashenzari
Cheibriados
Dithmenos
Elyvilon
Fedhas
Gozag
Hepliaklqana
Kikubaaqudgha
Makhleb
Nemelex Xobeh
Okawaru
Qazlal
Ru
Sif Muna
Trog
Uskayaw
Vehumet
Wu Jian
Xom
Yredelemnul
Zin
The Shining One

Shops:
D:2 (   D:5 *   D:8 *

Portals:
Abyss: Depths:1

Annotations:
D:15 Roxanne
Depths:1 3 transporters


Innate Abilities, Weirdness & Mutations

You are completely covered in rugged brown scales. (AC +3, +7% HP)
Armour fits poorly on your strangely shaped body.
You have a long armoured tail.
You roll when moving toward enemies. (Rampage)
Your long tongue fully drains potion bottles. (2x potion effects)
Your tongue gives you trouble enunciating. (1.5x scroll delay)


Message History

Confirm with . or Enter, or press ? or * to list all spells.
Aiming: Lesser Beckoning (safe; 2% risk of failure)
Press: ? - help, Shift-Dir - straight line, f - you
Okay, then.
You roll towards the floating eye!
A sphinx comes into view.
The floating eye turns its gaze towards you.
The ettin shouts in stereo!
Casting: Lesser Beckoning (safe; 2% risk of failure)
Confirm with . or Enter, or press ? or * to list all spells.
Aiming: Lesser Beckoning (safe; 2% risk of failure)
Press: ? - help, Shift-Dir - straight line, f - floating eye
Aim: a floating eye (100% to hit)
The floating eye hurls suddenly forward!
The floating eye's stare focuses on you.
You hit the floating eye.
The floating eye is moderately wounded.
You slash the floating eye!
You slice through the folds of space itself!
You barely miss the sphinx. You slice the ettin!!
The floating eye is almost dead.
The ettin completely misses you. You block the ettin's attack.
The floating eye gazes piercingly through you!
You suddenly lose the ability to move!
You can now pass through a line of other dancers.
An ettin comes into view.
It is wielding two +1 dire flails of protection.
The floating eye seems to glare at you.
The ettin hits you with a +0 great mace!
The ettin hits you with a +0 dire flail.
The floating eye gazes piercingly through you!
You shrug off the repeated paralysis!
The ettin hits you with a +0 great mace!!
The ettin hits you but does no damage.
The ettin hits you with a +0 great mace.
The ettin hits you with a +0 dire flail!!
You can move again.
Unknown command.
Casting: Lesser Beckoning (safe; 2% risk of failure)
Confirm with . or Enter, or press ? or * to list all spells.
You blink.
Unknown command.
You can no longer pass through a line of other dancers.
Aiming: Iceblast
Press: ? - help, Shift-Dir - straight line, f/p - floating eye
Aim: a floating eye (almost dead)
The mass of ice explodes!
The iceblast engulfs the floating eye!
You kill the floating eye!
The iceblast engulfs the sphinx!
The sphinx is lightly wounded.
The iceblast engulfs the ettin but does no damage.
The ettin is moderately wounded.
You hear a horrible gurgling sound!
You hear a shout! x2
You hear a horrible gurgling sound! x3
You can now pass through a line of other dancers.
You feel stable enough to blink again.
The sphinx mumbles some strange words.
You feel yourself slow down.
Unknown command.
Casting: Blink (safe; 2% risk of failure)
Confirm with . or Enter, or press ? or * to list all spells.
You blink.
As you slowly read the scroll labelled LUANU FUOS, it crumbles to dust.
You feel strangely unstable.
It was a scroll of teleportation.
The sphinx casts a spell.
You are confused.
The ettin enters a dispersal trap!
The ettin blinks!
The sphinx blinks!
You blink.
The ettin blinks!
The sphinx mumbles some strange words.
You struggle to resist.
You feel stable enough to blink again.
You can no longer pass through a line of other dancers.
You feel better.
You slurp down every last drop of the potion of curing!
Your surroundings suddenly seem different.
A stone giant, a fire dragon, a white ugly thing and 2 white very ugly things come into view.
The white very ugly thing gurgles horribly!
The stone giant shouts!
The fire dragon roars deafeningly!
You hear a deafening roar!
You hear a horrible gurgling sound!
A white very ugly thing comes into view.
The stone giant throws a large rock.
The large rock barely misses you.
A cyan very ugly thing comes into view.
The white very ugly thing gurgles horribly!
You hear a shout! x2
Unknown command.
Unknown command.
Unknown command.
Okay, then.
Unknown command.
As you slowly read the scroll of teleportation, it crumbles to dust.
You feel strangely unstable.
The white ugly thing basks in the mutagenic energy from its kin and changes!
The stone giant throws a large rock.
The large rock hits you!! The fire dragon breathes flames at you.
The blast of flame hits you!!
* * * LOW HITPOINT WARNING * * *
A cyan very ugly thing comes into view.
The white very ugly thing trunk-slaps you.
* * * LOW HITPOINT WARNING * * *
The white very ugly thing freezes you!! You resist.
You die...

####.u..
#.......
###...^..####
#......u....###
#....D...u....
##.............
........C...u.$
.......@uu...#
.............#
.....#.........
...# #......##©
.. ......## #
#.......
.~...!...
...........


You could see 5 very ugly things, a fire dragon (catching breath), a stone giant
and a red ugly thing.

Vanquished Creatures
  A dire elephant (D:15)
  Azrael (D:15)
  2 vault guards (D:14)
  A hydra (D:15)
  A centaur warrior (D:15)
  4 boulder beetles
  An ogre mage (D:15)
  Erica (D:10)
  3 death yaks (D:11)
  A death knight (D:15)
  8 two-headed ogres
  6 hell knights
  11 skeletal warriors
  Lodul (D:10)
  An iron troll (D:15)
  A phantasmal warrior (D:15)
  5 necromancers
  An orc knight (D:10)
  2 deep elf pyromancers
  2 manticores
  10 ugly things
  3 cyclopes
  The ghost of smokingjp the Ruffian, a novice TrGl (D:4)
  A torpor snail (shapeshifter) (D:15)
  2 gargoyles (D:7)
  2 unseen horrors
  A yaktaur (D:14)
  A kobold demonologist (D:13)
  A tengu conjurer (D:15)
  2 freezing wraiths
  2 komodo dragons
  6 meliai
  Grinder (D:6)
  6 trolls
  Prince Ribbit (D:8)
  16 slime creatures
  A centaur simulacrum (D:15)
  A shadow (D:7)
  4 wyverns
  2 wraiths (D:15)
  A vampire (D:13)
  A basilisk (D:14)
  18 yaks
  3 fire elementals (D:15)
  18 humans (D:14)
  17 vampire mosquitoes
  2 steam dragons
  An acid dragon (D:10)
  2 hell hounds (D:15)
  5 water moccasins
  A floating eye (Depths:1)
  21 orc warriors
  A sky beast (D:7)
  A black bear (D:7)
  4 ice beasts
  11 ogres
  19 centaurs
  A phantom (D:4)
  6 kobold brigands
  5 bullfrogs (D:7)
  5 scorpions
  A wight (D:7)
  6 killer bees (D:11)
  A howler monkey (D:11)
  A gnoll bouda (D:8)
  2 jellies
  4 quasits (D:4)
  6 orc priests
  3 hounds
  12 orc wizards
  2 hell rats (D:11)
  8 gnolls
  7 adders
  A river rat (D:11)
  A shadow imp (D:6)
  6 white imps
  An ufetubus (D:4)
  2 worms
  64 orcs
  7 ball pythons
  5 bats
  4 endoplasms
  3 giant cockroaches
  8 hobgoblins
  2 jackals (D:4)
  6 quokkas
  4 frilled lizards
  8 goblins
  23 kobolds
  7 rats
  A butterfly (D:6)
467 creatures vanquished.

Vanquished Creatures (collateral kills)
  A centaur (Bailey)
  2 orc priests (D:6)
  An orc wizard (D:6)
  4 orcs (Bailey)
  A kobold (D:6)
9 creatures vanquished.

Vanquished Creatures (others)
  A wizard (D:14)
  Sigmund (D:6)
2 creatures vanquished.

Grand Total: 478 creatures vanquished

Notes
Turn   | Place    | Note
-------+----------+-------------------------------------------
     0 | D:1      | browni3141 the Armataur Warper began the quest for the Orb.
     0 | D:1      | Reached XP level 1. HP: 18/18 MP: 3/3
   421 | D:1      | Reached XP level 2. HP: 19/25 MP: 4/4
  1164 | D:2      | Found the +8 autumn katana {manifold assault}
  1372 | D:2      | Found an opulent altar of Gozag.
  1554 | D:1      | Learned a level 2 spell: Blink
  1557 | D:1      | Learned a level 2 spell: Lesser Beckoning
  1742 | D:2      | Reached skill level 3 in Stealth
  1848 | D:2      | Reached XP level 3. HP: 28/31 MP: 5/5
  2034 | D:2      | Found Ezadozeck's Antique Weapon Shoppe.
  2300 | D:3      | Got the Atlas of Voltage and Diablerie
  2363 | D:3      | Reached skill level 2 in Armour
  2575 | D:3      | Found a glowing silver altar of Zin.
  2966 | D:4      | Reached XP level 4. HP: 38/38 MP: 7/7
  3023 | D:4      | Found a shimmering altar of Xom.
  3023 | D:4      | Noticed an ice beast
  3039 | D:4      | Killed an ice beast
  3040 | D:4      | Reached skill level 3 in Armour
  3040 | D:4      | Reached XP level 5. HP: 17/43 MP: 8/8
  3154 | D:4      | Noticed an ogre
  3159 | D:4      | Found a transporter.
  3163 | D:4      | Noticed an ogre
  3167 | D:4      | Noticed smokingjp's ghost (novice TrGl)
  3178 | D:4      | Killed an ogre
  3188 | D:4      | Killed an ogre
  3189 | D:4      | Reached skill level 3 in Long Blades
  3189 | D:4      | Reached XP level 6. HP: 32/51 MP: 6/10
  3513 | D:4      | Noticed a water moccasin
  3519 | D:4      | Killed a water moccasin
  3520 | D:4      | Reached skill level 3 in Spellcasting
  3872 | D:4      | Found a transporter.
  3980 | D:4      | Reached XP level 7. HP: 56/56 MP: 11/11
  4038 | D:5      | Entered Level 5 of the Dungeon
  4189 | D:5      | Found Gozag's Platinum Reserve.
  4210 | D:5      | Found an opulent altar of Gozag.
  4288 | D:5      | Noticed a steam dragon
  4351 | D:5      | Reached skill level 6 in Long Blades
  4489 | D:5      | Found a white marble altar of Elyvilon.
  4732 | D:6      | Identified the +4 ring mail "Famedauf" {rElec rC+ Dex+2}
  4751 | D:6      | Noticed Sigmund
  4760 | D:6      | Reached XP level 8. HP: 64/64 MP: 12/12
  4767 | D:6      | Killed Sigmund
  4807 | D:6      | Noticed Grinder
  4821 | D:6      | Killed Grinder
  5070 | D:6      | Reached skill level 9 in Long Blades
  5070 | D:6      | Reached XP level 9. HP: 48/71 MP: 13/13
  5232 | D:6      | Identified the +3 ring mail "Syathez" {rN++ Str-5}
  5341 | D:6      | Found a staircase to the Ecumenical Temple.
  5552 | Temple   | Entered the Ecumenical Temple
  5557 | Temple   | Became a worshipper of Uskayaw the Reveller
  5592 | D:7      | Reached * piety under Uskayaw
  5593 | D:7      | Reached ** piety under Uskayaw
  5705 | D:7      | Noticed a troll
  5712 | D:7      | Killed a troll
  5712 | D:7      | Reached *** piety under Uskayaw
  5855 | D:7      | Noticed a two-headed ogre
  6215 | D:8      | Found a snail-covered altar of Cheibriados.
  6219 | D:8      | Found a stormy altar of Qazlal.
  6289 | D:8      | Noticed Prince Ribbit
  6293 | D:8      | Killed Prince Ribbit
  6362 | D:8      | Reached **** piety under Uskayaw
  6397 | D:8      | Found Texowai's Tempting Trifles.
  6423 | D:8      | Found a flagged portal.
  6432 | Bailey   | Entered a bailey
  6800 | Bailey   | Reached XP level 10. HP: 46/78 MP: 14/14
  7330 | Bailey   | Reached skill level 4 in Armour
  7342 | Bailey   | Reached ***** piety under Uskayaw
  7346 | Bailey   | Reached skill level 3 in Fighting
  7871 | D:8      | Found an ancient bone altar of Kikubaaqudgha.
  7871 | D:8      | Found a sparkling altar of Nemelex Xobeh.
  7879 | D:8      | Found an ornate altar of the Wu Jian Council.
  7881 | D:8      | Found a broken altar of Ashenzari.
  7883 | D:8      | Found a basalt altar of Yredelemnul.
  7919 | D:8      | Bought a throwing net for 42 gold pieces
  7948 | D:8      | Reached skill level 3 in Invocations
  7966 | D:8      | Found a glowing golden altar of the Shining One.
  8214 | D:9      | Reached skill level 5 in Armour
  8289 | D:9      | Reached skill level 6 in Armour
  8302 | D:9      | Found a shimmering blue altar of Sif Muna.
  8841 | D:9      | Found a hazy altar of Hepliaklqana.
  8921 | D:10     | Entered Level 10 of the Dungeon
  8921 | D:10     | Noticed Lodul
  8928 | D:10     | Killed Lodul
  8929 | D:10     | Reached skill level 7 in Armour
  8929 | D:10     | Reached XP level 11. HP: 90/90 MP: 15/15
  8938 | D:10     | Reached ****** piety under Uskayaw
  9106 | D:10     | Reached skill level 8 in Armour
  9329 | D:10     | Reached skill level 6 in Stealth
  9336 | D:10     | Reached skill level 9 in Armour
  9846 | D:10     | Noticed an orc knight
  9870 | D:10     | Killed an orc knight
  9996 | D:10     | Reached skill level 10 in Armour
 10092 | D:10     | Reached skill level 6 in Invocations
 10110 | D:10     | Found a burning altar of Makhleb.
 10117 | D:10     | Found an iron altar of Okawaru.
 10203 | D:10     | Found a staircase to the Orcish Mines.
 10350 | D:10     | Noticed Erica
 10360 | D:10     | Killed Erica
 10361 | D:10     | Reached skill level 6 in Fighting
 10789 | D:11     | Noticed a skeletal warrior
 10789 | D:11     | Noticed a skeletal warrior
 10982 | D:7      | Killed a two-headed ogre
 11354 | D:7      | Reached XP level 12. HP: 79/103 MP: 17/17
 11440 | D:7      | Reached skill level 3 in Shields
 11880 | D:4      | Killed smokingjp's ghost
 12579 | D:11     | Noticed a boulder beetle
 12589 | D:11     | Killed a boulder beetle
 12605 | D:11     | Noticed a death yak
 12606 | D:11     | Noticed a death yak
 12607 | D:11     | Found a staircase to the Lair.
 12608 | D:11     | Noticed a death yak
 12626 | D:11     | Killed a death yak
 12634 | D:11     | Killed a death yak
 12635 | D:11     | Reached skill level 6 in Shields
 12662 | D:11     | Killed a death yak
 12883 | D:11     | Reached skill level 9 in Invocations
 13132 | D:12     | Noticed a two-headed ogre
 13141 | D:12     | Killed a two-headed ogre
 13617 | D:12     | Noticed a two-headed ogre
 13630 | D:12     | Killed a two-headed ogre
 13642 | D:12     | Learned a level 3 spell: Teleport Other
 13646 | D:12     | Learned a level 3 spell: Vhi's Electric Charge
 13651 | D:12     | Learned a level 4 spell: Iskenderun's Mystic Blast
 14191 | D:13     | Reached XP level 13. HP: 68/114 MP: 20/20
 15455 | D:14     | Identified the +1 scale mail of the Eight Boll Weevils
                  | {Stlth+}
 15518 | D:14     | Reached skill level 6 in Translocations
 15526 | D:14     | Reached skill level 11 in Armour
 15725 | D:14     | Found a gate to the Vaults.
 15758 | D:14     | HP: 3/114 [something/fireball (41)]
 15777 | D:14     | Reached skill level 9 in Shields
 17014 | D:14     | Reached skill level 12 in Armour
 17866 | D:14     | Found a gate to the Vaults.
 18103 | D:15     | Entered Level 15 of the Dungeon
 18291 | D:15     | Identified Roxanne's Guidebook on Geomancy
 18291 | D:15     | Noticed Roxanne
 18371 | D:15     | Reached skill level 13 in Armour
 18372 | D:15     | Reached XP level 14. HP: 123/123 MP: 22/22
 18427 | D:15     | Reached skill level 14 in Armour
 18612 | D:15     | Identified 2 scrolls of acquirement
 18621 | D:15     | Found a hide-covered altar of Uskayaw.
 18723 | D:15     | Found a staircase to the Depths.
 18898 | D:15     | Identified the +0 ring mail of the Swamp {+Blink +Inv
                  | Slay-2}
 19023 | D:15     | Noticed Azrael
 19038 | D:15     | Reached skill level 12 in Invocations
 19040 | D:15     | Killed Azrael
 19342 | D:15     | Reached skill level 15 in Armour
 19763 | Depths:1 | Entered Level 1 of the Depths
 19763 | Depths:1 | Found a transporter.
 19763 | Depths:1 | Found a one-way gate to the infinite horrors of the Abyss.
 19778 | D:15     | Acquired the +6 lightning scales {swift, rElec}
 19778 | D:15     | Found the +6 lightning scales {swift, rElec}
 19785 | D:15     | Acquired 1169 gold pieces
 19938 | D:15     | Reached skill level 9 in Translocations
 20194 | Depths:1 | Found a transporter.
 20211 | Depths:1 | Noticed a sphinx
 20214 | Depths:1 | Paralysed by a floating eye for 3 turns
 20225 | Depths:1 | Found a transporter.
 20225 | Depths:1 | Noticed a stone giant
 20225 | Depths:1 | Noticed a white very ugly thing
 20225 | Depths:1 | Noticed a white very ugly thing
 20225 | Depths:1 | Noticed a white very ugly thing
 20225 | Depths:1 | Noticed a cyan very ugly thing
 20226 | Depths:1 | Noticed a cyan very ugly thing
 20226 | Depths:1 | HP: 5/123 [white very ugly thing (4)]
 20226 | Depths:1 | Demolished by a white very ugly thing

Illustrated notes

Levels and vault maps discovered:
D:1:      saegor_arrival_simple_c, layout_basic, nicolae_eternal_life
D:2:      layout_basic, basic_altar, serial_shops, nicolae_shop_hallway_plus,
          hangedman_decor_points
D:3:      layout_loops_ring, mainiacjoe_overflow_alcove_4
D:4:      layout_gridville, xom_confusion_cloud, gammafunk_ghost_stat_death
D:5:      layout_gridville, nicolae_gozag_zags_fifth_avenue,
          nicolae_elyvilon_temple_path, nrook_pool_corridor
D:6:      layout_cave_pools, minmay_temple_entry_butterflies, uniq_grinder,
          uniq_sigmund
D:7:      minmay_the_grid_plus [minmay_the_grid_minigrid_small_alt,
          minmay_the_grid_spin_star, minmay_the_grid_tiny_cups,
          minmay_the_grid_embedded, minmay_the_grid_prize_trominoes],
          layout_basic, ebering_dispersal_statue_hall, minmay_misc_feat_columns,
          hangedman_abyss_or_decor_lesser_grid
D:8:      layout_rooms, chequers_temple_overflow_minitemple,
          mainiacjoe_overflow_paths, mainiacjoe_overflow_brackets,
          lemuel_tele_altar, enter_bailey_2, minmay_misc_feat_x,
          minmay_misc_feat_diagonals, nicolae_alphabet_shops,
          kennysheep_generic_room_16, uniq_prince_ribbit1
D:9:      layout_long_grid, nicolae_overflow_hidden_temple, led_sif_pool
D:10:     cheibrodos_orc_bank, layout_long_grid, mainiacjoe_overflow_big_doors,
          david_orc_4, minmay_tree_intersection, uniq_lodul, uniq_erica
D:11:     layout_roguey, dpeg_lair_monsters
D:12:     layout_basic
D:13:     layout_cave_pods
D:14:     layout_long_grid, grunt_vaults_entry_tiered,
          chequers_serial_rivers_micro_b
D:15:     hangedman_depths_entry_try_elsewhere_first, layout_long_grid,
          minmay_misc_feat_tower, nicolae_uskayaw_dance_hall, uniq_azrael,
          uniq_roxanne
Temple:   hellmonk_temple_micro_hex
Depths:1: layout_cave_pools, abyss_entry, grunt_hell_entry_dis_grunt,
          minmay_crystal_room, serial_nicolae_subway,
          nicolae_sub_station_crystal, nicolae_sub_station_stone,
          nicolae_sub_station_metal

Skill      XL: |  1  2  3  4  5  6  7  8  9 10 11 12 13 14 |
---------------+-------------------------------------------+-----
Stealth        | 2 3 4 5 7 8 |  8.0
Armour         | 2 3 7 10 13 15 | 15.0
Long Blades    | 1 2 3 4 6 9 11 | 11.9
Spellcasting   | 2 3 |  3.0
Translocations | 5 7 9 |  9.2
Fighting       | 4 6 8 |  8.0
Invocations    | 4 7 9 11 12 | 12.3
Shields        | 2 7 10 | 10.0
Air Magic      | 2 |  2.0
Dodging        | 2 |  2.3
Short Blades   | |  1.7
Throwing       | |  0.8

Action                     |  1- 3 |  4- 6 |  7- 9 | 10-12 | 13-15 || total
---------------------------+-------+-------+-------+-------+-------++-------
  Melee: Short sword       |    93 |       |       |       |       ||    93
         Tailslap          |    12 |     4 |    23 |    82 |    89 ||   210
         Katana            |    34 |    71 |   204 |   580 |   517 ||  1406
         Punch             |       |       |     5 |     3 |       ||     8
  Throw: Boomerang         |     8 |     4 |       |       |       ||    12
         Dart              |       |       |     8 |     7 |     3 ||    18
   Cast: Blink             |       |     1 |     1 |     1 |     5 ||     8
         Lesser Beckoning  |       |       |       |     6 |     3 ||     9
         Vhi's Electric Ch |       |       |       |       |     2 ||     2
 Invoke: Stomp             |       |       |     2 |     8 |    10 ||    20
         Line Pass         |       |       |     1 |     3 |     1 ||     5
         Grand Finale      |       |       |       |     1 |     2 ||     3
  Evoke: Wand              |       |       |       |       |     1 ||     1
    Use: Scroll            |     4 |       |     2 |    12 |    11 ||    29
         Potion            |       |     2 |       |     1 |     5 ||     8
   Stab: Sleeping          |     2 |       |     5 |    16 |     6 ||    29
         Paralysed         |       |       |     3 |    62 |    54 ||   119
         Confused          |       |       |       |     2 |     1 ||     3
         Distracted        |       |       |       |     1 |     3 ||     4
 Armour: Leather armour    |    29 |       |       |       |       ||    29
         Ring mail         |    13 |    23 |    89 |   195 |   144 ||   464
  Dodge: Dodged            |    31 |    19 |    85 |   153 |    78 ||   366
  Block: Kite shield       |       |       |       |   100 |   171 ||   271
